[ AOE2 MATCH · #504664379 ]
UnrankedMagyars vs Saracens
Player's team · LOSS
Rival team · WIN
[ REPLAY ANALYSIS · EXTRACTED FROM THE RECORDED GAME ]
Feudal
11:41
Castle
23:26
Imperial
—
| APM avg | 65.6 |
| APM peak | 98 |
| eAPM avg | 28.0 |
| Villagers / military | 118 / 66 |
Focus
⚔️ 37.6% · 🌾 62.4%
Cavalry Archer ×22 · Skirmisher ×18 · Archer ×11 · Militia ×8 · Mangonel ×5 · Monk ×1
Feudal
9:57
Castle
21:24
Imperial
36:54
| APM avg | 46.9 |
| APM peak | 78 |
| eAPM avg | 28.9 |
| Villagers / military | 114 / 81 |
Focus
⚔️ 45.7% · 🌾 54.3%
Archer ×62 · Mangonel ×5 · Knight ×4 · Skirmisher ×4 · Militia ×2 · Spearman ×2
Match map
Initial resources + every placement click. Lines = walls · curves = elevation contours. ◆ gold · ⬟ stone · ● berries · ✦ relic · ◌ wall gap
Your base· ✓ Closed at 23:26 · 53t walls · 1 gate(s)
keenov's base· ✓ Closed at 21:24 · 25t walls · 2 gate(s)
Smoothed initial terrain · ◌ = detected wall gap · hover for details
Inputs per minute
— The_Fury - - keenov
Build order — The_Fury
First 150 of 316 actions detected
| 0:01 | Create | Villager (Male) |
| 0:01 | Create | Villager (Male) |
| 0:02 | Build | House |
| 0:02 | Create | Villager (Male) |
| 0:03 | Build | House |
| 0:07 | Create | Villager (Male) |
| 0:07 | Create | Villager (Male) |
| 0:07 | Create | Villager (Male) |
| 1:25 | Create | Villager (Male) |
| 1:25 | Create | Villager (Male) |
| 1:46 | Build | Lumber Camp |
| 1:59 | Create | Villager (Male) |
| 1:59 | Create | Villager (Male) |
| 2:22 | Create | Villager (Male) |
| 2:22 | Create | Villager (Male) |
| 2:57 | Create | Villager (Male) |
| 2:57 | Create | Villager (Male) |
| 2:57 | Create | Villager (Male) |
| 3:20 | Create | Villager (Male) |
| 3:20 | Create | Villager (Male) |
| 3:21 | Create | Villager (Male) |
| 3:45 | Build | House |
| 3:49 | Create | Villager (Male) |
| 3:49 | Create | Villager (Male) |
| 3:50 | Create | Villager (Male) |
| 4:11 | Create | Villager (Male) |
| 4:12 | Create | Villager (Male) |
| 4:18 | Build | Barracks |
| 4:33 | Create | Villager (Male) |
| 4:33 | Create | Villager (Male) |
| 5:00 | Build | House |
| 5:07 | Create | Villager (Male) |
| 5:11 | Create | Militia |
| 5:12 | Create | Militia |
| 5:12 | Create | Militia |
| 5:34 | Create | Villager (Male) |
| 5:38 | Research | Loom |
| 5:45 | Create | Militia |
| 5:46 | Create | Militia |
| 6:09 | Create | Militia |
| 6:09 | Create | Militia |
| 6:26 | Create | Villager (Male) |
| 6:28 | Build | Mill |
| 6:36 | Build | Mill |
| 6:53 | Create | Villager (Male) |
| 6:53 | Create | Villager (Male) |
| 6:53 | Create | Villager (Male) |
| 6:58 | Create | Villager (Male) |
| 6:58 | Create | Villager (Male) |
| 7:02 | Build | House |
| 7:03 | Build | House |
| 7:16 | Create | Villager (Male) |
| 7:16 | Create | Villager (Male) |
| 7:27 | Create | Villager (Male) |
| 7:47 | Create | Villager (Male) |
| 8:01 | Build | Mill |
| 8:39 | Create | Villager (Male) |
| 9:03 | Create | Villager (Male) |
| 9:08 | Create | Villager (Male) |
| 9:29 | Build | Mining Camp |
| 9:31 | Research | Feudal Age |
| 9:31 | Research | Feudal Age |
| 9:50 | Build | Palisade Wall |
| 10:02 | Build | Palisade Wall |
| 10:12 | Build | House |
| 10:21 | Build | Palisade Wall |
| 11:06 | Build | Palisade Wall |
| 11:07 | Build | Palisade Wall |
| 11:14 | Create | Militia |
| 11:41 | Age | Feudal Age |
| 11:43 | Research | Man-at-Arms (upgrade) |
| 11:44 | Research | Double-Bit Axe |
| 11:44 | Create | Villager (Male) |
| 11:46 | Build | Archery Range |
| 11:51 | Build | House |
| 11:54 | Build | House |
| 12:20 | Create | Villager (Male) |
| 12:20 | Create | Villager (Male) |
| 12:20 | Create | Villager (Male) |
| 12:22 | Build | House |
| 12:24 | Build | Palisade Wall |
| 12:37 | Create | Archer |
| 12:37 | Create | Archer |
| 12:37 | Create | Archer |
| 12:54 | Create | Villager (Male) |
| 12:55 | Build | Farm |
| 12:56 | Build | Farm |
| 12:57 | Build | Farm |
| 13:01 | Create | Skirmisher |
| 13:11 | Build | House |
| 13:23 | Build | Palisade Wall |
| 13:23 | Create | Villager (Male) |
| 13:27 | Create | Villager (Male) |
| 13:35 | Build | Farm |
| 13:37 | Build | Farm |
| 13:49 | Create | Skirmisher |
| 13:57 | Create | Skirmisher |
| 13:58 | Create | Villager (Male) |
| 13:58 | Create | Villager (Male) |
| 13:58 | Create | Villager (Male) |
| 14:29 | Create | Villager (Male) |
| 14:31 | Build | Blacksmith |
| 14:38 | Create | Skirmisher |
| 14:50 | Create | Villager (Male) |
| 14:51 | Build | Farm |
| 14:55 | Build | House |
| 14:55 | Build | House |
| 15:15 | Build | Farm |
| 15:17 | Research | Fletching |
| 15:17 | Research | Fletching |
| 15:33 | Create | Skirmisher |
| 15:38 | Build | Farm |
| 15:39 | Create | Villager (Male) |
| 15:46 | Create | Skirmisher |
| 15:49 | Build | House |
| 15:49 | Build | House |
| 16:02 | Create | Skirmisher |
| 16:14 | Create | Villager (Male) |
| 16:14 | Create | Villager (Male) |
| 16:15 | Create | Villager (Male) |
| 16:15 | Create | Villager (Male) |
| 16:17 | Build | Farm |
| 16:36 | Build | House |
| 16:38 | Build | Palisade Wall |
| 16:45 | Create | Skirmisher |
| 16:46 | Create | Villager (Male) |
| 16:46 | Create | Villager (Male) |
| 16:48 | Build | Farm |
| 16:49 | Build | Farm |
| 17:07 | Create | Villager (Male) |
| 17:12 | Build | House |
| 17:13 | Create | Skirmisher |
| 17:13 | Create | Skirmisher |
| 17:19 | Build | Palisade Wall |
| 17:32 | Build | House |
| 17:44 | Build | Palisade Wall |
| 18:06 | Research | Padded Archer Armor |
| 18:21 | Create | Villager (Male) |
| 18:40 | Create | Villager (Male) |
| 18:52 | Create | Villager (Male) |
| 19:03 | Create | Villager (Male) |
| 19:17 | Create | Villager (Male) |
| 19:38 | Build | Lumber Camp |
| 19:40 | Build | Market |
| 19:42 | Build | House |
| 19:45 | Create | Archer |
| 19:54 | Create | Archer |
| 20:14 | Build | Farm |
| 20:46 | Research | Castle Age |
| 20:47 | Research | Castle Age |
Build order — keenov
First 150 of 343 actions detected
| 0:01 | Create | Villager (Male) |
| 0:01 | Create | Villager (Male) |
| 0:02 | Create | Villager (Male) |
| 0:03 | Build | House |
| 0:04 | Build | House |
| 0:16 | Create | Villager (Male) |
| 0:17 | Create | Villager (Male) |
| 1:30 | Create | Villager (Male) |
| 1:49 | Build | Lumber Camp |
| 1:59 | Create | Villager (Male) |
| 1:59 | Create | Villager (Male) |
| 2:23 | Create | Villager (Male) |
| 2:23 | Create | Villager (Male) |
| 2:48 | Create | Villager (Male) |
| 2:49 | Create | Villager (Male) |
| 3:11 | Create | Villager (Male) |
| 3:22 | Create | Villager (Male) |
| 3:30 | Build | House |
| 3:48 | Create | Villager (Male) |
| 4:14 | Create | Villager (Male) |
| 4:21 | Build | Mill |
| 4:47 | Create | Villager (Male) |
| 5:05 | Create | Villager (Male) |
| 5:20 | Create | Villager (Male) |
| 5:21 | Create | Villager (Male) |
| 6:08 | Research | Loom |
| 6:26 | Create | Villager (Male) |
| 6:26 | Research | Loom |
| 6:34 | Build | Barracks |
| 6:59 | Build | House |
| 7:28 | Create | Villager (Male) |
| 7:32 | Research | Feudal Age |
| 8:17 | Build | Mill |
| 8:37 | Build | Palisade Wall |
| 8:38 | Create | Militia |
| 8:54 | Build | House |
| 8:57 | Build | Palisade Wall |
| 8:58 | Build | Palisade Wall |
| 8:58 | Build | Palisade Wall |
| 9:16 | Create | Militia |
| 9:28 | Build | House |
| 9:29 | Build | House |
| 9:43 | Create | Villager (Male) |
| 9:57 | Age | Feudal Age |
| 10:00 | Build | Market |
| 10:08 | Create | Spearman |
| 10:16 | Build | Archery Range |
| 10:17 | Create | Villager (Male) |
| 10:24 | Research | Double-Bit Axe |
| 10:24 | Research | Double-Bit Axe |
| 10:35 | Build | Palisade Wall |
| 10:43 | Create | Villager (Male) |
| 10:57 | Build | Palisade Gate |
| 11:08 | Create | Villager (Male) |
| 11:11 | Create | Archer |
| 11:15 | Build | Palisade Wall |
| 11:17 | Build | Palisade Wall |
| 11:20 | Build | Farm |
| 11:26 | Build | Palisade Wall |
| 11:27 | Build | House |
| 11:43 | Create | Villager (Male) |
| 11:46 | Build | Farm |
| 11:52 | Build | Lumber Camp |
| 12:01 | Create | Villager (Male) |
| 12:02 | Create | Archer |
| 12:27 | Build | Farm |
| 12:28 | Create | Villager (Male) |
| 12:38 | Build | Mining Camp |
| 12:39 | Create | Archer |
| 12:44 | Create | Villager (Male) |
| 12:53 | Build | Farm |
| 13:12 | Build | Palisade Wall |
| 13:18 | Build | Blacksmith |
| 13:20 | Create | Villager (Male) |
| 13:21 | Create | Archer |
| 13:29 | Create | Villager (Male) |
| 13:34 | Create | Spearman |
| 13:39 | Build | Farm |
| 13:46 | Create | Archer |
| 13:50 | Build | Farm |
| 13:59 | Build | Palisade Wall |
| 14:00 | Build | House |
| 14:03 | Build | Palisade Wall |
| 14:07 | Create | Villager (Male) |
| 14:13 | Create | Villager (Male) |
| 14:19 | Research | Fletching |
| 14:20 | Create | Villager (Male) |
| 14:32 | Build | Farm |
| 14:38 | Create | Archer |
| 14:45 | Build | House |
| 14:48 | Build | House |
| 14:56 | Build | House |
| 14:57 | Build | House |
| 15:14 | Build | Palisade Gate |
| 15:18 | Build | House |
| 15:23 | Build | House |
| 15:25 | Build | House |
| 15:33 | Create | Archer |
| 15:35 | Build | Farm |
| 15:38 | Build | Farm |
| 15:41 | Create | Villager (Male) |
| 16:04 | Build | Farm |
| 16:06 | Create | Skirmisher |
| 16:13 | Build | Farm |
| 16:15 | Build | House |
| 16:18 | Build | House |
| 16:23 | Build | Palisade Wall |
| 16:27 | Create | Villager (Male) |
| 16:28 | Research | Padded Archer Armor |
| 16:32 | Create | Villager (Male) |
| 16:39 | Build | Farm |
| 16:41 | Build | Farm |
| 16:43 | Research | Horse Collar |
| 16:44 | Create | Archer |
| 16:46 | Create | Skirmisher |
| 16:58 | Build | Palisade Wall |
| 17:01 | Create | Villager (Male) |
| 17:10 | Create | Villager (Male) |
| 17:20 | Create | Villager (Male) |
| 17:26 | Create | Villager (Male) |
| 17:31 | Create | Skirmisher |
| 17:48 | Create | Archer |
| 17:51 | Build | Archery Range |
| 18:44 | Research | Castle Age |
| 19:29 | Create | Archer |
| 19:30 | Create | Archer |
| 19:38 | Build | House |
| 19:44 | Research | Gold Mining |
| 20:01 | Build | House |
| 20:05 | Create | Archer |
| 20:05 | Create | Archer |
| 20:30 | Build | House |
| 20:39 | Create | Archer |
| 20:40 | Create | Archer |
| 21:16 | Build | Stable |
| 21:21 | Research | Wheelbarrow |
| 21:24 | Age | Castle Age |
| 21:33 | Build | Town Center |
| 21:34 | Research | Crossbowman (upgrade) |
| 21:35 | Research | Bodkin Arrow |
| 21:42 | Create | Archer |
| 21:43 | Create | Archer |
| 21:50 | Build | Palisade Wall |
| 21:56 | Create | Villager (Male) |
| 22:08 | Create | Archer |
| 22:09 | Create | Archer |
| 22:21 | Create | Archer |
| 22:21 | Create | Archer |
| 22:25 | Create | Knight |
| 22:25 | Create | Knight |
Match timeline
| 4:18 | The_Fury · first_building Barracks |
| 6:34 | keenov · first_building Barracks |
| 8:37 | keenov · wall_segment Palisade Wall x2 |
| 8:57 | keenov · wall_segment Palisade Wall x1 |
| 8:58 | keenov · wall_segment Palisade Wall x1 |
| 8:58 | keenov · wall_segment Palisade Wall x2 |
| 9:50 | The_Fury · wall_segment Palisade Wall x11 |
| 9:57 | keenov · age_up feudal |
| 10:02 | The_Fury · wall_segment Palisade Wall x7 |
| 10:16 | keenov · first_building Archery Range |
| 10:21 | The_Fury · wall_segment Palisade Wall x16 |
| 10:35 | keenov · wall_segment Palisade Wall x1 |
| 11:04 | keenov · first_market_sell 500 stone |
| 11:06 | The_Fury · wall_segment Palisade Wall x1 |
| 11:07 | The_Fury · wall_segment Palisade Wall x1 |
| 11:15 | keenov · wall_segment Palisade Wall x1 |
| 11:17 | keenov · wall_segment Palisade Wall x1 |
| 11:26 | keenov · wall_segment Palisade Wall x3 |
| 11:41 | The_Fury · age_up feudal |
| 11:46 | The_Fury · first_building Archery Range |
| 12:24 | The_Fury · wall_segment Palisade Wall x1 |
| 12:36 | keenov · first_market_buy 100 wood |
| 13:12 | keenov · wall_segment Palisade Wall x1 |
| 13:23 | The_Fury · wall_segment Palisade Wall x8 |
| 13:59 | keenov · wall_segment Palisade Wall x3 |
| 14:03 | keenov · wall_segment Palisade Wall x7 |
| 16:23 | keenov · wall_segment Palisade Wall x1 |
| 16:38 | The_Fury · wall_segment Palisade Wall x1 |
| 16:58 | keenov · wall_segment Palisade Wall x1 |
| 17:19 | The_Fury · wall_segment Palisade Wall x1 |
| 17:44 | The_Fury · wall_segment Palisade Wall x7 |
| 20:22 | The_Fury · first_market_buy 100 food |
| 20:28 | The_Fury · first_market_sell 100 wood |
| 21:16 | keenov · first_building Stable |
| 21:24 | keenov · age_up castle |
| 21:50 | keenov · wall_segment Palisade Wall x1 |
| 22:58 | keenov · first_building Monastery |
| 23:26 | The_Fury · age_up castle |
| 23:39 | The_Fury · wall_segment Palisade Wall x1 |
| 25:03 | The_Fury · wall_segment Palisade Wall x7 |
| 25:39 | The_Fury · first_building Siege Workshop |
| 25:47 | keenov · first_building Siege Workshop |
| 26:46 | keenov · wall_segment Palisade Wall x1 |
| 26:50 | keenov · wall_segment Palisade Wall x1 |
| 27:15 | The_Fury · wall_segment Palisade Wall x1 |
| 27:38 | The_Fury · first_building Monastery |
| 29:16 | The_Fury · wall_segment Palisade Wall x3 |
| 30:36 | The_Fury · wall_segment Palisade Wall x1 |
| 30:52 | keenov · first_building Castle |
| 36:54 | keenov · age_up imperial |
| 36:58 | The_Fury · resign |
[ AI ANALYSIS · 1 CREDIT ]
What really happened in this match?
Wolo.gg analyzes every decision: build order, eco, micro, common mistakes by bracket. Personalized analysis on WhatsApp or Discord in 30 seconds.
Civ guide
Magyars
Perfil
Jugador #8448734